 Dungeon Crawl Stone Soup version 0.27.1-15-g792fb953b9 (webtiles) character file.

Game seed: 14029944419766012021

1 Exporg the Covert (level 1, -4/23 HPs)
             Began as a Gnoll Delver on Nov 19, 2021.
             Slain by a bullfrog (7 damage)
             ... on level 5 of the Dungeon.
             The game lasted 00:00:19 (118 turns).

Exporg the Covert (Gnoll Delver)                     Turns: 118, Time: 00:00:20

Health: -4/23      AC:  3    Str: 11    XL:     1   Next: 20%
Magic:  1/1        EV: 13    Int:  9    God:
Gold:   43         SH:  0    Dex: 13    Spells: 0/0 levels left

rFire    . . .     SeeInvis .   a - +0 mace
rCold    . . .     Faith    .   (no shield)
rNeg     . . .     Spirit   .   b - +0 leather armour
rPois    .         Reflect  .   (no helmet)
rElec    .         Harm     .   (no cloak)
rCorr    .         Rampage  .   (no gloves)
Will     .....                  (no boots)
Stlth    ++++......             (no amulet)
HPRegen  0.07/turn              (no ring)
MPRegen  0.07/turn              (no ring)

@: no status effects
A: fangs 1, strong nose, distributed training
a: no special abilities


You were on level 5 of the Dungeon.
You visited 1 branch of the dungeon, and saw 1 of its levels.

You collected 43 gold pieces.

Inventory:

Hand Weapons
 a - a +0 mace (weapon)
Armour
 b - a +0 leather armour (worn)
Wands
 g - a wand of digging (3)
Scrolls
 c - a scroll of fog
 d - a scroll of magic mapping
 e - a scroll of fear
Potions
 f - a potion of haste


   Skills:
 + Level 6.4 Fighting
 + Level 0.0 Short Blades
 + Level 0.0 Long Blades
 + Level 0.0 Axes
 + Level 4.4 Maces & Flails
 + Level 0.0 Polearms
 + Level 0.0 Staves
 + Level 0.0 Slings
 + Level 0.0 Bows
 + Level 0.0 Crossbows
 + Level 0.0 Throwing
 + Level 0.0 Armour
 + Level 4.4 Dodging
 + Level 9.5 Stealth
 + Level 0.0 Shields
 + Level 0.0 Unarmed Combat
 + Level 0.0 Spellcasting
 + Level 0.0 Conjurations
 + Level 0.0 Hexes
 + Level 0.0 Summonings
 + Level 0.0 Necromancy
 + Level 0.0 Translocations
 + Level 0.0 Transmutations
 + Level 0.0 Fire Magic
 + Level 0.0 Ice Magic
 + Level 0.0 Air Magic
 + Level 0.0 Earth Magic
 + Level 0.0 Poison Magic
 + Level 0.0 Invocations
 + Level 0.0 Evocations


You couldn't memorise any spells.
You didn't know any spells.
Your spell library was empty.

Dungeon Overview and Level Annotations

Branches:
Dungeon (5/15)
 Temple: D:4-7

Altars:


Innate Abilities, Weirdness & Mutations

You have very sharp teeth.
Your uncanny sense of smell can sniff out nearby items.
Your experience applies equally to all skills.


Message History

A quokka comes into view.
The helpless quokka fails to defend itself.
You hit the quokka.
The quokka is severely wounded.
The quokka barely misses you. The quokka bites you.
You hit the quokka.
You kill the quokka!
No target in view!
You start resting.
HP restored.
You see here a quokka corpse.
Found a stone staircase leading down.
Found an escape hatch in the floor.
Found 8 gold pieces.
A bullfrog comes into view.
The bullfrog croaks.
The bullfrog hits you! The bullfrog hits you!
The bullfrog hits you but does no damage.
The bullfrog hits you.
* * * LOW HITPOINT WARNING * * *
You hit the bullfrog.
The bullfrog is moderately wounded.
The bullfrog barely misses you.
You barely miss the bullfrog. You bite the bullfrog.
The bullfrog is moderately wounded.
The bullfrog hits you.
* * * LOW HITPOINT WARNING * * *
The bullfrog hits you but does no damage.
You hit the bullfrog but do no damage.
The bullfrog is moderately wounded.
The bullfrog closely misses you. The bullfrog misses you.
You barely miss the bullfrog.
The bullfrog is moderately wounded.
The bullfrog completely misses you.
The bullfrog hits you but does no damage.
You hit the bullfrog but do no damage.
The bullfrog is moderately wounded.
The bullfrog hits you!
You die...

#.# #.# #.# #.# #.#
#.# ###.###### #.#
#........######.##
###.................
#..>.......†........
#.#.#.#.##.####.#.##
#@#.#.##.# #.#.##
#F#.#.##.# #.#...
#.#.#.##.# #.####
#.#.#....# #.#
#.#.###### #.# #
#.#.# #. #.#.#.#####
#.#### #.........#
#..... #.........#
#.....


You could see a bullfrog.

Vanquished Creatures
  A quokka (D:5)
1 creature vanquished.

Vanquished Creatures (others)
  9 plants (D:5)
9 creatures vanquished.

Grand Total: 10 creatures vanquished

Notes
Turn   | Place    | Note
-------+----------+-------------------------------------------
     0 | D:5      | Reached skill level 9 in Stealth
     0 | D:5      | Exporg the Gnoll Delver began the quest for the Orb.
     0 | D:5      | Reached XP level 1. HP: 23/23 MP: 1/1
   102 | D:5      | Noticed a bullfrog
   118 | D:5      | Slain by a bullfrog

Illustrated notes

Levels and vault maps discovered:
D:5:      wad_woods_stonehenge, layout_basic, nicolae_hepliaklqana_hippocampus

Skill      XL: | |
---------------+-+-----
Stealth        | |  9.5
Fighting       | |  6.4
Maces & Flails | |  4.4
Dodging        | |  4.4

Action                   || total
-------------------------++-------
Melee: Mace              ||     7
       Bite              ||     1
 Stab: Sleeping          ||     1
Armor: Leather armour    ||     3
Dodge: Dodged            ||     5
